AoeStats
← Hector Of Troy

Arabia

509570579Analyzed
2v2 RM · 3d ago on Sep 27, 2026· 46m 37s· 4 players
Game mode
Random Map
Map size
Medium (4 player)
Population
200
Speed
Normal
Resources
Standard
Victory
Conquest
Starting age
Dark Age
Ending age
Imperial Age
RankedLock teamsTeams togetherTeam positionsShared explorationLock speedFull tech treeHidden civsTurbo modeCheats
Victory
Defeat
🇹🇷 Bulgarians · Türkiye
1091
+16
🇹🇷 Britons · Türkiye
1078
+17
🇬🇧 Varangians · United Kingdom
1100
-17
🇬🇧 Byzantines · United Kingdom
1090
-16
Hector Of Troy
4:35 Loom
10:29 Feudal Age
13:42 Double-Bit Axe
19:33 Castle Age
19:56 Gold Mining
19:48 Horse Collar
20:50 Pikeman
21:30 Squires
21:16 Gambesons
21:46 Forging
25:33 Scale Barding Armor
39:34 Chain Barding Armor
43:25 Stirrups
45:09 Iron Casting
Caniko
9:42 Feudal Age
9:06 Loom
10:44 Double-Bit Axe
13:13 Horse Collar
16:08 Fletching
21:34 Castle Age
23:01 Bow Saw
22:53 Heavy Plow
24:05 Wheelbarrow
24:21 Bow Saw
26:28 Scale Mail Armor
26:43 Gold Mining
28:43 Stone Mining
30:15 Crossbowman
32:01 Bodkin Arrow
33:15 Padded Archer Armor
33:40 Ballistics
33:33 Elite Skirmisher
34:34 Leather Archer Armor
35:19 Scale Barding Armor
35:58 Treadmill Crane
40:29 Imperial Age
39:52 Gold Shaft Mining
40:30 Arbalester
42:13 Chemistry
41:16 Bracer
42:18 Ring Archer Armor
42:47 Yeomen
43:58 Scale Barding Armor
44:04 Forging
44:42 Husbandry
44:14 Cavalier
44:23 Cavalier
45:29 Chain Barding Armor
45:45 Iron Casting
46:07 Conscription
callummitchell7511
7:21 Loom
10:01 Feudal Age
11:06 Double-Bit Axe
13:37 Forging
13:38 Horse Collar
20:52 Gold Mining
23:28 Castle Age
22:18 Fletching
22:28 Padded Archer Armor
24:22 Wheelbarrow
23:48 Crossbowman
24:46 Thumb Ring
24:41 Bodkin Arrow
37:57 Scale Barding Armor
38:05 Bow Saw
37:58 Heavy Plow
42:02 Stone Mining
42:25 Pikeman
43:16 Scale Mail Armor
45:13 Stone Shaft Mining
kyleanderson041199
5:27 Loom
10:09 Feudal Age
13:42 Bloodlines
14:41 Forging
16:55 Scale Barding Armor
20:22 Town Watch
21:01 Double-Bit Axe
20:58 Horse Collar
21:08 Town Watch
23:03 Gold Mining
26:32 Castle Age
26:31 Fletching
26:42 Padded Archer Armor
27:30 Husbandry
27:49 Bow Saw
28:21 Leather Archer Armor
31:05 Bodkin Arrow
34:37 Wheelbarrow
37:26 Stone Mining
43:20 Hand Cart
Connection lost

Rejoining the realm…

Still unreachable

The connection could not be restored.

Session expired

The server has moved on; the page needs a fresh start.